Unix NetHack Version 3.7.0-82 Work-in-progress - last build Apr 17 2023 03:07:26 (e853d47aa369caa3f400cfc56ad4c4ae4a18b75a,branch:master). Game began 2023-04-23 13:49:36, ended 2023-04-23 15:16:40. tromix, neutral female gnomish Ranger -- --- -.- -- ---.-- %.--. |....| .0.... --...| -.....-- --..---- |......| --.)..----- |......-# --.......| - .---- ...^...# --.......--- ..-|..-- -......#-# |.............---...| -.......| --.................-- .....-.-- ----......-----%-.--- -......----- |...|..--- |.<...| |.......--.| ----.--- .| |..--.- -----..........| --....| -- ---- . --.|.d........|.| --..---- .. |...@d.....---|.---..-- ..- --.d.d.....| |.....-- .. |`.......-- ---...| --- ---......| |...| -------- ----- Tromix the Lookout St:17 Dx:9 Co:18 In:13 Wi:13 Ch:9 Neutral Dlvl:4 $:167 HP:0(31) Pw:16(16) AC:7 Exp:3 T:1553 Latest messages: C - a key. You swap places with Sirius. In what direction? 4 You kick a gray stone. The gnome lord suddenly disappears! The werejackal picks up a dagger. You see here a gray stone. D - a gray stone. The werejackal throws a dagger! The dagger hits Sirius. You see here a dagger. The werejackal summons help! A jackal suddenly appears next to you! A jackal suddenly appears next to you! A jackal suddenly appears next to you! The werejackal strikes at your displaced image and misses you! Sirius bites the jackal. The jackal is killed! You hit the werejackal! The jackal bites! The jackal bites! Sirius eats a jackal corpse. The werejackal drinks a sky blue potion! The werejackal looks much better. You miss the werejackal. The jackal bites! The jackal bites! The werejackal changes into a jackal. The werejackal shrinks out of its cloak! The werejackal's boots are pushed off its feet! The werejackal bites! You miss the werejackal. The jackal bites! The jackal bites! The werejackal bites! You hear crashing rock. You hit the werejackal. The jackal misses! The jackal misses! The werejackal bites! You feel feverish. You miss the werejackal. The jackal bites! The jackal bites! You die... Do you want your possessions identified? [ynq] (y) y Do you want to see your attributes? [ynq] (y) y Do you want an account of creatures vanquished? [ynaq] (y) y Do you want to see your conduct and achievements? [ynq] (y) y Do you want to see the dungeon overview? [ynq] (y) y Inventory: Coins $ - 167 gold pieces Weapons c - 51 +2 crossbow bolts (in quiver pouch) d - 31 +0 crossbow bolts b - a +1 crossbow (alternate weapon; not wielded) a - a +1 dagger (weapon in hand) Armor v - an uncursed +0 orcish helm l - an uncursed +2 cloak of displacement (being worn) Comestibles f - 4 uncursed cram rations A - an uncursed food ration h - an uncursed tripe ration y - a cursed tripe ration Scrolls o - a cursed scroll of earth p - a cursed scroll of identify i - an uncursed scroll of remove curse Potions n - a blessed potion of extra healing r - an uncursed potion of gain ability q - an uncursed potion of hallucination g - a cursed potion of healing s - an uncursed potion of see invisible Wands B - a wand of sleep (0:4) w - a wand of teleportation (0:3) Tools e - an uncursed skeleton key z - an uncursed skeleton key C - an uncursed skeleton key Gems/Stones t - an uncursed worthless piece of black glass u - 4 uncursed worthless pieces of green glass x - an uncursed worthless piece of red glass j - an uncursed worthless piece of violet glass m - an uncursed worthless piece of yellow glass D - an uncursed touchstone Tromix the Ranger's attributes: Background: You were a Lookout, a level 3 female gnomish Ranger. You were neutral, nominally on a mission for Venus who was opposed by Mercury (lawful) and Mars (chaotic). You were in the Gnomish Mines, on level 4. You entered the dungeon 1553 turns ago. You had 66 experience points, 14 more were needed to attain level 4. Basics: You had 0 out of 31 hit points. You had all 16 energy points (spell power). Your armor class was 7. Your wallet contained 167 zorkmids. Autopickup was off. Final Characteristics: Your strength was 17 (limit:18/50). Your dexterity was 9 (limit:18). Your constitution was 18 (limit:18). Your intelligence was 13 (limit:19). Your wisdom was 13 (limit:18). Your charisma was 9 (limit:18). Final Status: You were not hungry. You were unencumbered. You were wielding a dagger. You had basic skill with dagger. Final Attributes: You were devoutly aligned. You were level-drain resistant. You had automatic searching. You had infravision. You were displaced. You were warded. You were a werejackal. You were harmed by silver. You are dead. Miscellaneous: You disabled loading of bones levels. Total elapsed playing time was 37 minutes and 30 seconds. Major events: Turn 1: tromix the neutral female gnomish Ranger entered the dungeon 1095: entered the Gnomish Mines 1229: attained the rank of Lookout (level 3) 1553: killed by a jackal Vanquished creatures: a dwarf a kobold leader 4 giant rats 5 gnomes 2 geckos 7 jackals a fox 3 kobolds 4 goblins 5 grid bugs 2 lichens 2 kobold zombies 2 newts 39 creatures vanquished. No species were genocided or became extinct. Voluntary challenges: You were an atheist. You read items or engraved 1 time. You never engraved Elbereth. You never genocided any monsters. You never polymorphed an object. You never changed form. You used no wishes. Achievements: You entered the Gnomish Mines. You attained the rank of Lookout. The Dungeons of Doom: levels 1 to 3 Level 1: Level 2: Some fountains. Stairs down to The Gnomish Mines. Level 3: The Gnomish Mines: levels 3 to 4 Level 3: Level 4: <- You were here. Final resting place for you, killed by a jackal. Game over: ---------- / \ / REST \ / IN \ / PEACE \ / \ | tromix | | 167 Au | | killed by a | | jackal | | | | | | 2023 | *| * * * | * _________)/\\_//(\/(/\)/\//\/|_)_______ Goodbye tromix the Ranger... You died in The Gnomish Mines on dungeon level 4 with 565 points, and 167 pieces of gold, after 1553 moves. You were level 3 with a maximum of 31 hit points when you died.